 Dungeon Crawl Stone Soup version 0.31.0-11-ge490571c62 (webtiles) character file.

Game seed: 4273112317416131378

60 qw the Shooter (level 3, -1/18 HPs)
             Began as a Spriggan Hunter on Feb 4, 2024.
             Succumbed to their own poison gas
             ... on level 2 of the Dungeon.
             The game lasted 00:00:04 (1362 turns).

qw the Shooter (Spriggan Hunter)                    Turns: 1362, Time: 00:00:04

Health: -1/18      AC:  2    Str:  7    XL:     3   Next: 82%
Magic:  4/4        EV: 19    Int: 10    God:
Gold:   64         SH:  0    Dex: 20    Spells: 2/2 levels left

rFire   . . .        a - +0 shortbow
rCold   . . .        (shield currently unavailable)
rNeg    . . .        c - +0 robe
rPois   .            (helmet restricted)
rElec   .            (no cloak)
rCorr   .            (gloves unavailable)
SInv    +            (boots unavailable)
Will    .....        (no amulet)
Stlth   +            (no ring)
HPRegen 0.23/turn    (no ring)
MPRegen 0.09/turn

%: no passive effects
@: lethally poisoned (-1 -> -9), slow
A: very small, no large weapons, unfitting armour, see invisible, speed 3
a: no special abilities


You were on level 2 of the Dungeon.
You visited 1 branch of the dungeon, and saw 2 of its levels.

You collected 64 gold pieces.


Innate Abilities, Weirdness & Mutations

You are very small and have problems with some larger weapons.
You are too small for most types of armour.
You have supernaturally acute eyesight. (SInv)
You cover ground extremely quickly. (Speed+++)


   Skills:
 - Level 1.5 Fighting
 - Level 5.0 Ranged Weapons
 + Level 4.0 Dodging
 - Level 1.5 Stealth


You had 2 spell levels left.
You didn't know any spells.
Your spell library was empty.

Inventory:

Hand Weapons
 a - a +0 shortbow (weapon)
Armour
 c - a +0 robe (worn)

Dungeon Overview and Level Annotations

Branches:
Dungeon (2/15)

Altars:
Dithmenos


Message History

Sorry, I don't know how to get there.
Enter note:
Enter note:
Enter note:
Enter note:
Enter note:
Enter note:
Enter note:
Enter note:
Enter note: You are engulfed in poison gas.
You are poisoned.
You feel very sick.
1354 ||| Stepping ~*~*~tactically~*~*~ (cloud).
You enter the shallow water.
Moving in this stuff is going to be slow.
You feel sick.
You see here a potion of invisibility.
1355 ||| DRINKING 2 potions of curing.
You feel better.
1355 ||| (to cure poison)
You are engulfed in poison gas.
You are lethally poisoned!
You feel very sick.
1357 ||| Stepping ~*~*~tactically~*~*~ (cloud).
You enter the shallow water.
Moving in this stuff is going to be slow.
You feel sick.
You see here a potion of invisibility.
1358 ||| DRINKING potion of curing.
You feel better.
1358 ||| (to cure poison)
You are engulfed in poison gas.
You are poisoned.
You feel very sick.
1360 ||| Stepping ~*~*~tactically~*~*~ (cloud).
You enter the shallow water.
Moving in this stuff is going to be slow.
You feel sick.
You see here a potion of invisibility.
There is a lethal amount of poison in your body!
You feel very sick.
There is a lethal amount of poison in your body!
You die...

#.##..####...##....)...........##
.......#####.¤¤¤.0###....%.....#
#....#..######¤..0.............#
####..#...# ##¤¤#0.............##
#.....#.###0000.####..........#
#.....#..¤¤0~0¤## #...........
#....%.....0¤.0# ############
#..........~#0¤### #
#.........~~##@¤~#
#######..#~##.#### #..#~##~.#
#..####~~## #..##.##~~#
##~..#.#.~## #~~~###.#..### #####
####...#### ###....##


There were no monsters in sight!

Vanquished Creatures
  3 adders (D:2)
  A ribbon worm (D:2)
  An orc (D:2)
  6 ball pythons (D:1)
  3 bats
  3 endoplasms
  A goblin (D:2)
  2 hobgoblins
  2 kobolds (D:1)
  3 quokkas
  A frilled lizard (D:1)
  2 rats
28 creatures vanquished.

Notes
Turn   | Place    | Note
-------+----------+-------------------------------------------
     0 | D:1      | qw the Spriggan Hunter began the quest for the Orb.
     0 | D:1      | Reached XP level 1. HP: 10/10 MP: 2/2
     0 | D:1      | 0 ||| qw: Version: 0.3-a-160-g6735b56
     0 | D:1      | 0 ||| qw: Game counter: 4920
     0 | D:1      | 0 ||| qw: Melee chars always use a shield: true
     0 | D:1      | 0 ||| qw: God list: Okawaru
     0 | D:1      | 0 ||| qw: Allow faded altars: false
     0 | D:1      | 0 ||| qw: Do Orc after clearing Dungeon:15 true
     0 | D:1      | 0 ||| qw: Do second Lair branch before Depths: true
     0 | D:1      | 0 ||| qw: Lair rune preference: random
     0 | D:1      | 0 ||| qw: Goals: Normal
     0 | D:1      | 0 ||| PLANNING D:1-11
    37 | D:1      | Reached skill level 3 in Dodging
   120 | D:1      | Found a faded altar of an unknown god.
   135 | D:1      | Reached XP level 2. HP: 14/14 MP: 3/3
   615 | D:1      | 615 ||| READING scroll labelled MIACHY SAEGYNEC.
   716 | D:1      | 716 ||| READING scroll labelled BUKUIQ DETAX.
   716 | D:1      | 716 ||| IDENTIFYING ruby potion
   717 | D:1      | 717 ||| READING scroll labelled TETO CAOX.
   718 | D:1      | 718 ||| READING scroll labelled YGREAZ TIMO.
   718 | D:1      | 718 ||| ENCHANTING +0 shortbow.
   719 | D:1      | 719 ||| DRINKING 2 inky potions.
   720 | D:1      | 720 ||| DROPPING scroll of butterflies.
   721 | D:1      | 721 ||| DROPPING potion of attraction.
   748 | D:2      | Found a shadowy altar of Dithmenos.
   850 | D:2      | Reached XP level 3. HP: 18/18 MP: 4/4
  1086 | D:2      | Reached skill level 5 in Ranged Weapons
  1350 | D:2      | 1350 ||| READING scroll of identify.
  1350 | D:2      | 1350 ||| IDENTIFYING lumpy black potion
  1351 | D:2      | 1351 ||| READING scroll labelled KENGUIRUDA.
  1352 | D:2      | 1352 ||| DROPPING potion of invisibility.
  1354 | D:2      | 1354 ||| Stepping ~*~*~tactically~*~*~ (cloud).
  1355 | D:2      | 1355 ||| DRINKING 2 potions of curing.
  1355 | D:2      | 1355 ||| (to cure poison)
  1357 | D:2      | 1357 ||| Stepping ~*~*~tactically~*~*~ (cloud).
  1358 | D:2      | 1358 ||| DRINKING potion of curing.
  1358 | D:2      | 1358 ||| (to cure poison)
  1360 | D:2      | 1360 ||| Stepping ~*~*~tactically~*~*~ (cloud).
  1360 | D:2      | HP: 4/18 [poisoned by you (poison gas)]
  1361 | D:2      | HP: 1/18 [poisoned by you (poison gas)]
  1362 | D:2      | Succumbed to their own poison gas

Levels and vault maps discovered:
D:1:      orjb1_clovarrival, layout_loops_cross,
          hellmonk_ecumenical_altar_crossroads
D:2:      layout_rooms, basic_altar, chequers_serial_rivers_small_b,
          minivault_11

Skill      XL: |  1  2  3 |
---------------+----------+-----
Dodging        | 3 4 |  4.0
Ranged Weapons | 5 |  5.0
Fighting       | |  1.5
Stealth        | |  1.5

Action                     || total
---------------------------++-------
   Fire: Shortbow          ||    72
    Use: Scroll            ||     6
         Potion            ||     3
 Armour: Robe              ||     7
  Dodge: Dodged            ||    28

Table legend:
 A = Non-vault XP
 B = Vault XP
 C = Vault XP percentage of total XP
 D = Non-vault monster count
 E = Vault monster count
 F = Vault count percentage of total count
                 A         B        C        D         E       F
            +---------+---------+-------+---------+---------+-------
      Total |      87 |       0 |   0.0 |      28 |       0 |   0.0
            +---------+---------+-------+---------+---------+-------
        D:1 |      28 |       0 |   0.0 |      17 |       0 |   0.0
        D:2 |      59 |       0 |   0.0 |      11 |       0 |   0.0
            +---------+---------+-------+---------+---------+-------
